Coyotes vs Rangers

Created - January 12, 2019 at 22:39

Goals
1 2 3 T
Coyotes 2 2 2 6
Rangers 0 3 1 4
Shots
1 2 3 T
Coyotes 14 6 16 36
Rangers 8 20 6 34

1st period

1. Coyotes , Brad Richards 9 (Zach Parise 16, Marek Svatos 17) at 5:53
2. Coyotes , Brad Richards 10 (Marian Gaborik 25, Tyler Ennis 24) at 17:30 (PP)

Penalties :
Patrice Bergeron (NYR) for Holding (Minor) at 9:54, Cam Barker (NYR) for Hooking (Minor) at 17:19, Brooks Laich (Ari) for High sticking (Minor) at 18:37

2nd period

3. Rangers , Mark Fistric 1 (Patrice Bergeron 27, Milan Lucic 33) at 4:20
4. Coyotes , Marian Gaborik 21 (Nazem Kadri 18) at 5:25
5. Rangers , Artem Anisimov 4 (Chris Bourque 6, Colten Teubert 7) at 8:19
6. Rangers , James Neal 13 (Gustav Nyquist 18, Sean Couturier 21) at 10:43
7. Coyotes , Zach Parise 16 (Thomas Hickey 5, Valtteri Filppula 2) at 16:20

Penalties :
Zach Parise (Ari) for Hooking (Minor) at 10:54, James Neal (NYR) for Holding (Minor) at 18:30

3rd period

8. Rangers , Patrice Bergeron 23 (Mark Fistric 17, Cam Barker 21) at 3:39
9. Coyotes , Valtteri Filppula 5 (Ryane Clowe 4, Chad Larose 4) at 15:25
10. Coyotes , Martin Samuelsson 6 (Brad Richards 28, Greg Zanon 6) at 19:53

Penalties :
Colten Teubert (NYR) for Hooking (Minor) at 5:19, Greg Zanon (Ari) for Elbowing (Minor) at 11:46, Valtteri Filppula (Ari) for Boarding (Minor) at 15:48, Matt Read (NYR) for Boarding (Minor) at 16:08

Goalie Stats

Cam Ward (Ari), 30 saves from 34 shots - (0.882), W, 6-4-2, 60:00 minutes
Frederik Andersen (NYR), 30 saves from 36 shots - (0.833), L, 17-11-2, 59:29 minutes

Players Stats for Coyotes

Player Name              G  A  P  +/- PIM S  H  SB GA TA FO     MP     PP MP  PK MP  
------------------------------------------------------------------------------------
Anton Stralman           0  0  0   1  0   5  2  1  3  1  0/0    30:16   4:11   4:09 
Brad Richards            2  1  3   1  0   2  3  0  2  1  14/26  21:06   2:47   1:46 
Brooks Laich             0  0  0   0  2   1  3  0  0  0  1/5     9:35   0:57   0:00 
Chad Larose              0  1  1   2  0   0  3  1  0  0  2/7    13:39   0:50   3:59 
Chris Stewart            0  0  0   0  0   0  1  0  0  0  1/1     9:12   0:35   0:00 
Greg Zanon               0  1  1   1  2   0  1  1  0  1  0/0    11:36   0:00   1:28 
Josh Gorges              0  0  0   0  0   1  0  3  0  0  0/0    20:26   2:17   2:10 
Kristopher Letang        0  0  0   0  0   2  2  0  3  1  0/0    30:00   4:11   4:07 
Marek Svatos             0  1  1   0  0   3  3  1  0  1  0/0    16:30   2:11   0:00 
Marian Gaborik           1  1  2  -1  0   6  0  0  0  0  4/5    19:05   3:27   0:00 
Martin Samuelsson        1  0  1   1  0   2  0  0  1  1  0/0    13:08   0:00   3:59 
Michael Del Zotto        0  0  0   0  0   2  0  0  0  0  0/0    11:38   2:17   0:00 
Nazem Kadri              0  1  1  -1  0   1  3  0  0  0  16/23  17:20   2:59   0:00 
Ryane Clowe              0  1  1   1  0   0  0  0  1  1  0/1     8:15   0:00   0:49 
Thomas Hickey            0  1  1   0  0   0  1  2  0  0  0/0    16:04   0:00   0:40 
Tyler Ennis              0  1  1  -1  0   3  2  0  4  1  1/2    19:06   3:26   0:57 
Valtteri Filppula        1  1  2   1  2   4  0  0  0  1  3/5     7:01   0:01   0:00 
Zach Parise              1  1  2   0  2   4  2  0  0  0  0/3    18:03   2:11   1:04 

Players Stats for Rangers

Player Name              G  A  P  +/- PIM S  H  SB GA TA FO     MP     PP MP  PK MP  
------------------------------------------------------------------------------------
Alex Tanguay             0  0  0  -1  0   2  0  1  2  0  0/1    12:32   0:08   2:09 
Alexei Emelin            0  0  0   0  0   0  0  0  0  0  0/0     9:02   0:02   0:00 
Artem Anisimov           1  0  1   1  0   3  1  0  0  0  4/6     7:28   0:00   0:00 
Cam Barker               0  1  1  -1  2   0  2  2  0  2  0/0    30:30   3:46   4:07 
Chris Bourque            0  1  1   1  0   1  0  0  0  1  0/0     8:19   0:05   0:14 
Colten Teubert           0  1  1   0  2   0  0  0  0  0  0/0     9:08   0:00   0:00 
Gustav Nyquist           0  1  1   1  0   1  1  1  0  1  0/1    16:46   2:23   1:00 
Jakob Silfverberg        0  0  0  -2  0   3  3  0  0  2  3/4    23:56   3:49   4:05 
James Neal               1  0  1   1  2   2  2  1  1  0  0/0    15:36   2:23   0:00 
Magnus Paajarvi-Svensson 0  0  0   1  0   1  0  0  1  1  0/0     7:28   0:00   0:00 
Mark Fistric             1  1  2  -1  0   1  1  0  0  2  0/0    26:55   0:00   4:18 
Matt Greene              0  0  0   0  0   3  0  1  1  3  0/0    17:13   0:00   2:10 
Matt Read                0  0  0  -1  2   2  0  1  0  1  0/2    12:57   3:45   0:00 
Milan Lucic              0  1  1  -2  0   6  2  1  1  0  5/12   24:57   3:49   3:59 
Patrice Bergeron         1  1  2  -2  2   4  1  0  0  1  13/31  20:19   3:49   0:51 
Ryan Suter               0  0  0   0  0   2  1  0  1  0  0/0    20:30   2:31   2:21 
Sean Couturier           0  1  1   1  0   2  1  1  2  0  6/14   16:47   2:31   0:38 
Stephen Weiss            0  0  0  -1  0   1  0  1  0  0  5/7    11:25   2:23   0:00 

3 Stars

1 - Brad Richards (Ari)
2 - Chad Larose (Ari)
3 - Valtteri Filppula (Ari)

Power Play

Coyotes - 1 on 5 Attempt(s) - 20.00%
Rangers - 0 on 4 Attempt(s) - 0.00%

Penalty Kill

Coyotes - 4 on 4 Attempt(s) - 100.00% - Score 0 goal in Penalty Kill
Rangers - 4 on 5 Attempt(s) - 80.00% - Score 0 goal in Penalty Kill

Team Stat

Coyotes - Hits : 26 - Faceoff Wins : 42 - Blocked Shots : 9 - Penalty Minutes : 8
Rangers - Hits : 15 - Faceoff Wins : 36 - Blocked Shots : 10 - Penalty Minutes : 10

Official

Referees : Unknown
Linesman : Unknown

Game Notes

No Game Note

Finance

Level 1 -- Attendance: 4667 (77.78%) -- Ticket Income $443,365
Level 2 -- Attendance: 3848 (76.96%) -- Ticket Income $230,880
Level 3 -- Attendance: 1896 (94.80%) -- Ticket Income $66,360
Level 4 -- Attendance: 3912 (97.80%) -- Ticket Income $97,800
Luxury Box -- Attendance: 723 (72.30%) -- Ticket Income $130,140
Game was played at the Madison Square Garden.
Total Attendance: 15046 (83.59%)
Total Ticket Income: $968,545
Other Income: $145,282
Total Income: $1,113,827

Coyotes

5 vs 5 Forward 
   Center                   Left Wing                Right Wing               Time % Phy DF OF 
 1 Nazem Kadri              Tyler Ennis              Marian Gaborik           36     0   2  3  
 2 Brad Richards            Zach Parise              Marek Svatos             34     0   2  3  
 3 Brooks Laich             Martin Samuelsson        Chris Stewart            16     0   2  3  
 4 Valtteri Filppula        Ryane Clowe              Chad Larose              14     1   2  2  

5 vs 5 Defense 
   Defense                  Defense                                           Time % Phy DF OF 
 1 Kristopher Letang        Anton Stralman                                    40     0   3  2  
 2 Josh Gorges              Thomas Hickey                                     30     0   3  2  
 3 Michael Del Zotto        Greg Zanon                                        20     0   3  2  
 4 Kristopher Letang        Anton Stralman                                    10     1   2  2  

PowerPlay Forward 
   Center                   Left Wing                Right Wing               Time % Phy DF OF 
 1 Brad Richards            Tyler Ennis              Marian Gaborik           60     0   1  4  
 2 Nazem Kadri              Zach Parise              Marek Svatos             40     0   1  4  

PowerPlay Defense
   Defense                  Defense                                           Time % Phy DF OF 
 1 Kristopher Letang        Anton Stralman                                    60     0   2  3  
 2 Josh Gorges              Michael Del Zotto                                 40     0   2  3  

Penalty Kill 4 Players Forward 
   Center                   Wing                     Time % Phy DF OF 
 1 Chad Larose              Martin Samuelsson        60     0   3  2  
 2 Brad Richards            Zach Parise              40     0   3  2  

Penalty Kill 4 Players Defense
   Defense                  Defense                  Time % Phy DF OF 
 1 Kristopher Letang        Anton Stralman           60     1   4  0  
 2 Josh Gorges              Greg Zanon               40     1   4  0  

Penalty Kill - 3 Players Forward 
   Forward                                           Time % Phy DF OF 
 1 Zach Parise                                       60     1   3  1  
 2 Brad Richards                                     40     1   3  1  

Penalty Kill - 3 Players Defense
   Defense                  Defense                  Time % Phy DF OF 
 1 Kristopher Letang        Anton Stralman           60     1   4  0  
 2 Josh Gorges              Greg Zanon               40     1   4  0  

4 vs 4 Forward 
   Center                   Wing                     Time % Phy DF OF 
 1 Marian Gaborik           Brad Richards            60     1   2  2  
 2 Tyler Ennis              Zach Parise              40     1   2  2  

4 vs 4 Defense
   Defense                  Defense                  Time % Phy DF OF 
 1 Kristopher Letang        Anton Stralman           60     1   2  2  
 2 Josh Gorges              Greg Zanon               40     1   2  2  

Last Minutes Offensive
   Center                   Left Wing                Right Wing               Defense                  Defense                  
   Brad Richards            Tyler Ennis              Marian Gaborik           Kristopher Letang        Anton Stralman           

Last Minutes Defensive
   Center                   Left Wing                Right Wing               Defense                  Defense                  
   Brad Richards            Martin Samuelsson        Chad Larose              Greg Zanon               Anton Stralman           

Goaltenders
Starting : Cam Ward                 
Backup : Maxime Daigneault        

Extra Forwards
Normal : Ryane Clowe, Chris Stewart, Chad Larose - PP : Chris Stewart, Brooks Laich - PK : Tyler Ennis
Extra Defensemen
Normal : Michael Del Zotto, Thomas Hickey, Josh Gorges - PP : Michael Del Zotto - PK : Thomas Hickey, Josh Gorges
Penalty Shots
Marian Gaborik, Brad Richards, Tyler Ennis, Zach Parise, Marek Svatos

Scratches
None

Rangers

5 vs 5 Forward 
   Center                   Left Wing                Right Wing               Time % Phy DF OF 
 1 Patrice Bergeron         Milan Lucic              Jakob Silfverberg        40     1   2  2  
 2 Sean Couturier           Gustav Nyquist           James Neal               30     1   2  2  
 3 Stephen Weiss            Alex Tanguay             Matt Read                20     1   2  2  
 4 Artem Anisimov           Magnus Paajarvi-Svensson Chris Bourque            10     1   2  2  

5 vs 5 Defense 
   Defense                  Defense                                           Time % Phy DF OF 
 1 Cam Barker               Mark Fistric                                      40     1   2  2  
 2 Ryan Suter               Matt Greene                                       30     1   2  2  
 3 Alexei Emelin            Colten Teubert                                    20     1   2  2  
 4 Cam Barker               Mark Fistric                                      10     1   2  2  

PowerPlay Forward 
   Center                   Left Wing                Right Wing               Time % Phy DF OF 
 1 Patrice Bergeron         Milan Lucic              Jakob Silfverberg        60     1   2  2  
 2 Stephen Weiss            Gustav Nyquist           James Neal               40     1   2  2  

PowerPlay Defense
   Defense                  Defense                                           Time % Phy DF OF 
 1 Cam Barker               Matt Read                                         60     1   2  2  
 2 Ryan Suter               Sean Couturier                                    40     1   2  2  

Penalty Kill 4 Players Forward 
   Center                   Wing                     Time % Phy DF OF 
 1 Milan Lucic              Jakob Silfverberg        60     1   2  2  
 2 Patrice Bergeron         Alex Tanguay             40     1   2  2  

Penalty Kill 4 Players Defense
   Defense                  Defense                  Time % Phy DF OF 
 1 Cam Barker               Mark Fistric             60     1   2  2  
 2 Ryan Suter               Matt Greene              40     1   2  2  

Penalty Kill - 3 Players Forward 
   Forward                                           Time % Phy DF OF 
 1 Milan Lucic                                       60     1   2  2  
 2 Alex Tanguay                                      40     1   2  2  

Penalty Kill - 3 Players Defense
   Defense                  Defense                  Time % Phy DF OF 
 1 Cam Barker               Mark Fistric             60     1   2  2  
 2 Ryan Suter               Matt Greene              40     1   2  2  

4 vs 4 Forward 
   Center                   Wing                     Time % Phy DF OF 
 1 Milan Lucic              Alex Tanguay             60     1   2  2  
 2 Patrice Bergeron         James Neal               40     1   2  2  

4 vs 4 Defense
   Defense                  Defense                  Time % Phy DF OF 
 1 Cam Barker               Mark Fistric             60     1   2  2  
 2 Ryan Suter               Matt Greene              40     1   2  2  

Last Minutes Offensive
   Center                   Left Wing                Right Wing               Defense                  Defense                  
   Patrice Bergeron         Milan Lucic              Jakob Silfverberg        Cam Barker               Mark Fistric             

Last Minutes Defensive
   Center                   Left Wing                Right Wing               Defense                  Defense                  
   Patrice Bergeron         Milan Lucic              Jakob Silfverberg        Cam Barker               Mark Fistric             

Goaltenders
Starting : Frederik Andersen        
Backup : Braden Holtby            

Extra Forwards
Normal : Alex Tanguay, Matt Read, Gustav Nyquist - PP : Alex Tanguay, Matt Read - PK : Gustav Nyquist
Extra Defensemen
Normal : Alexei Emelin, Colten Teubert, Ryan Suter - PP : Alexei Emelin - PK : Colten Teubert, Ryan Suter
Penalty Shots
Milan Lucic, Jakob Silfverberg, Patrice Bergeron, James Neal, Stephen Weiss

Scratches
None


% Time on Ice - Coyotes

Lines # - Real PCT - Wanted PCT - Time Play
Normal Forward
1 - 34% - 36% - 15:12
2 - 32% - 34% - 14:21
3 - 18% - 16% - 8:00
4 - 16% - 14% - 7:01
Normal Defense
1 - 40% - 40% - 17:44
2 - 33% - 30% - 14:36
3 - 21% - 20% - 9:21
4 - 6% - 10% - 2:53
PP Forward
1 - 54% - 60% - 3:29
2 - 46% - 40% - 2:59
PP Defense
1 - 65% - 60% - 4:11
2 - 35% - 40% - 2:17
PK Forward
1 - 74% - 60% - 4:40
2 - 26% - 40% - 1:37
PK Defense
1 - 66% - 60% - 4:07
2 - 34% - 40% - 2:10
PK3 Forward
1 - 0% - 60%
2 - 0% - 40%
PK3 Defense
1 - 0% - 60%
2 - 0% - 40%
44 Forward
1 - 82% - 60% - 1:21
2 - 18% - 40% - 0:18
44 Defense
1 - 66% - 60% - 1:05
2 - 34% - 40% - 0:34
Last Minute Offensive  - 0:00
Last Minute Defensive  - 1:02
Total
Forward - 60:00
Defense - 60:00

% Time on Ice - Rangers

Lines # - Real PCT - Wanted PCT - Time Play
Normal Forward
1 - 34% - 40% - 15:07
2 - 29% - 30% - 12:59
3 - 20% - 20% - 8:57
4 - 17% - 10% - 7:28
Normal Defense
1 - 41% - 40% - 18:15
2 - 32% - 30% - 14:15
3 - 20% - 20% - 8:59
4 - 7% - 10% - 3:02
PP Forward
1 - 62% - 60% - 3:54
2 - 38% - 40% - 2:23
PP Defense
1 - 60% - 60% - 3:46
2 - 40% - 40% - 2:31
PK Forward
1 - 80% - 60% - 5:11
2 - 20% - 40% - 1:17
PK Defense
1 - 66% - 60% - 4:18
2 - 34% - 40% - 2:10
PK3 Forward
1 - 0% - 60%
2 - 0% - 40%
PK3 Defense
1 - 0% - 60%
2 - 0% - 40%
44 Forward
1 - 92% - 60% - 1:31
2 - 8% - 40% - 0:08
44 Defense
1 - 69% - 60% - 1:08
2 - 31% - 40% - 0:31
Last Minute Offensive  - 1:05
Last Minute Defensive  - 0:00
Total
Forward - 60:00
Defense - 60:00

Play-by-Play

1st period


0:01 of 1st period - Nazem Kadri wins face-off versus Milan Lucic in neutral zone.
0:10 of 1st period - Snap shot by Marian Gaborik.
0:10 of 1st period - Shot Misses the Net.
0:26 of 1st period - Cam Barker is hit by Brad Richards and loses puck.
0:42 of 1st period - Icing by Sean Couturier.
0:43 of 1st period - Stephen Weiss wins face-off versus Brooks Laich in Rangers zone.
0:57 of 1st period - Off-side.
0:58 of 1st period - Artem Anisimov wins face-off versus Valtteri Filppula in neutral zone.
1:00 of 1st period - Off-side.
1:01 of 1st period - Artem Anisimov wins face-off versus Valtteri Filppula in neutral zone.
1:25 of 1st period - Kristopher Letang is hit by Ryan Suter and loses puck.
1:37 of 1st period - Off-side.
1:38 of 1st period - Sean Couturier wins face-off versus Brad Richards in neutral zone.
2:03 of 1st period - Josh Gorges is hit by Jakob Silfverberg and loses puck.
3:11 of 1st period - Snap shot by Kristopher Letang.
3:11 of 1st period - Shot Blocked by James Neal.
5:12 of 1st period - Snap shot by Matt Read.
5:12 of 1st period - Shot Misses the Net.
5:14 of 1st period - Slapshot by Matt Greene.
5:14 of 1st period - Shot Misses the Net.
5:16 of 1st period - Snap shot by Ryan Suter.
5:16 of 1st period - Deflect By Stephen Weiss.
5:16 of 1st period - Stopped by Cam Ward without a rebound.
5:17 of 1st period - Stephen Weiss wins face-off versus Zach Parise in Coyotes zone.
5:30 of 1st period - Wrist shot by Matt Read.
5:30 of 1st period - Shot Misses the Net.
5:33 of 1st period - Icing by Brad Richards.
5:34 of 1st period - Brad Richards wins face-off versus Patrice Bergeron in Coyotes zone.
5:51 of 1st period - Snap shot by Zach Parise.
5:51 of 1st period - Stopped by Frederik Andersen with a rebound.
5:53 of 1st period - Backhand shot by Brad Richards.
5:53 of 1st period - Goal by Brad Richards - Coyotes : 1 - Rangers : 0.
5:54 of 1st period - Nazem Kadri wins face-off versus Sean Couturier in neutral zone.
5:58 of 1st period - Off-side.
5:59 of 1st period - Nazem Kadri wins face-off versus Sean Couturier in neutral zone.
6:23 of 1st period - Off-side.
6:24 of 1st period - Brad Richards wins face-off versus Patrice Bergeron in neutral zone.
6:27 of 1st period - Milan Lucic is hit by Marek Svatos and loses puck.
6:36 of 1st period - Backhand shot by Zach Parise.
6:36 of 1st period - Stopped by Frederik Andersen without a rebound.
6:37 of 1st period - Tyler Ennis wins face-off versus Sean Couturier in Rangers zone.
6:42 of 1st period - Snap shot by Tyler Ennis.
6:42 of 1st period - Deflect By Mark Fistric.
6:42 of 1st period - Stopped by Frederik Andersen without a rebound.
6:43 of 1st period - Nazem Kadri wins face-off versus Sean Couturier in Rangers zone.
7:09 of 1st period - Off-side.
7:10 of 1st period - Brooks Laich wins face-off versus Patrice Bergeron in neutral zone.
7:23 of 1st period - Snap shot by Brooks Laich.
7:23 of 1st period - Stopped by Frederik Andersen with a rebound.
7:25 of 1st period - Snap shot by Martin Samuelsson.
7:25 of 1st period - Deflect By Colten Teubert.
7:25 of 1st period - Stopped by Frederik Andersen without a rebound.
7:26 of 1st period - Brad Richards wins face-off versus Sean Couturier in Rangers zone.
7:54 of 1st period - Slapshot by Jakob Silfverberg.
7:54 of 1st period - Stopped by Cam Ward without a rebound.
7:55 of 1st period - Patrice Bergeron wins face-off versus Nazem Kadri in Coyotes zone.
7:56 of 1st period - Snap shot by Milan Lucic.
7:56 of 1st period - Shot Misses the Net.
7:58 of 1st period - Snap shot by Jakob Silfverberg.
7:58 of 1st period - Shot Misses the Net.
8:00 of 1st period - Snap shot by Milan Lucic.
8:00 of 1st period - Shot Blocked by Josh Gorges.
8:50 of 1st period - Wrist shot by Patrice Bergeron.
8:50 of 1st period - Stopped by Cam Ward without a rebound.
8:51 of 1st period - Stephen Weiss wins face-off versus Brad Richards in Coyotes zone.
9:43 of 1st period - Slapshot by Michael Del Zotto.
9:43 of 1st period - Stopped by Frederik Andersen without a rebound.
9:44 of 1st period - Sean Couturier wins face-off versus Brad Richards in Rangers zone.
9:51 of 1st period - Wrist shot by Brad Richards.
9:51 of 1st period - Deflect By Marek Svatos.
9:51 of 1st period - Stopped by Frederik Andersen without a rebound.
9:52 of 1st period - Patrice Bergeron wins face-off versus Brad Richards in Rangers zone.
9:54 of 1st period - Minor Penalty to Patrice Bergeron for Holding.
9:55 of 1st period - Marian Gaborik wins face-off versus Milan Lucic in Rangers zone.
11:54 of 1st period - Penalty to Patrice Bergeron is over, Patrice Bergeron is back on ice.
12:26 of 1st period - Snap shot by Kristopher Letang.
12:26 of 1st period - Shot Misses the Net.
12:28 of 1st period - Snap shot by Kristopher Letang.
12:28 of 1st period - Shot Misses the Net.
12:30 of 1st period - Snap shot by Kristopher Letang.
12:30 of 1st period - Stopped by Frederik Andersen without a rebound.
12:31 of 1st period - Sean Couturier wins face-off versus Ryane Clowe in Rangers zone.
12:50 of 1st period - Snap shot by Marek Svatos.
12:50 of 1st period - Stopped by Frederik Andersen without a rebound.
12:51 of 1st period - Patrice Bergeron wins face-off versus Nazem Kadri in Rangers zone.
13:03 of 1st period - Off-side.
13:04 of 1st period - Patrice Bergeron wins face-off versus Zach Parise in neutral zone.
13:34 of 1st period - Wrist shot by Marian Gaborik.
13:34 of 1st period - Shot Misses the Net.
13:36 of 1st period - Slapshot by Anton Stralman.
13:36 of 1st period - Stopped by Frederik Andersen with a rebound.
13:38 of 1st period - Snap shot by Nazem Kadri.
13:38 of 1st period - Deflect By Marian Gaborik.
13:38 of 1st period - Stopped by Frederik Andersen without a rebound.
13:39 of 1st period - Sean Couturier wins face-off versus Brooks Laich in Rangers zone.
13:44 of 1st period - Gustav Nyquist is hit by Chris Stewart and loses puck.
14:31 of 1st period - Wrist shot by Jakob Silfverberg.
14:31 of 1st period - Stopped by Cam Ward without a rebound.
14:32 of 1st period - Brad Richards wins face-off versus Sean Couturier in Coyotes zone.
15:09 of 1st period - Slapshot by Matt Read.
15:09 of 1st period - Stopped by Cam Ward without a rebound.
15:10 of 1st period - Marian Gaborik wins face-off versus Matt Read in Coyotes zone.
16:21 of 1st period - Snap shot by Brooks Laich.
16:21 of 1st period - Shot Misses the Net.
16:27 of 1st period - Slapshot by Colten Teubert.
16:27 of 1st period - Shot Blocked by Greg Zanon.
17:19 of 1st period - Minor Penalty to Cam Barker for Hooking.
17:20 of 1st period - Milan Lucic wins face-off versus Brad Richards in Rangers zone.
17:28 of 1st period - Wrist shot by Marian Gaborik.
17:28 of 1st period - Deflect By Jakob Silfverberg.
17:28 of 1st period - Stopped by Frederik Andersen with a rebound.
17:30 of 1st period - Backhand shot by Brad Richards.
17:30 of 1st period - Goal by Brad Richards - Coyotes : 2 - Rangers : 0.
17:31 of 1st period - Brad Richards wins face-off versus Patrice Bergeron in neutral zone.
17:34 of 1st period - Patrice Bergeron is hit by Kristopher Letang and loses puck.
17:57 of 1st period - James Neal is hit by Nazem Kadri and loses puck.
18:04 of 1st period - Snap shot by Tyler Ennis.
18:04 of 1st period - Shot Blocked by Gustav Nyquist.
18:37 of 1st period - Minor Penalty to Brooks Laich for High sticking.
18:38 of 1st period - Patrice Bergeron wins face-off versus Chad Larose in Coyotes zone.
18:39 of 1st period - Wrist shot by Jakob Silfverberg.
18:39 of 1st period - Stopped by Cam Ward with a rebound.
18:41 of 1st period - Snap shot by Milan Lucic.
18:41 of 1st period - Shot Misses the Net.
18:43 of 1st period - Slapshot by Ryan Suter.
18:43 of 1st period - Deflect By Milan Lucic.
18:43 of 1st period - Stopped by Cam Ward with a rebound.
18:51 of 1st period - Snap shot by Jakob Silfverberg.
18:51 of 1st period - Shot Misses the Net.
18:53 of 1st period - Snap shot by Sean Couturier.
18:53 of 1st period - Stopped by Cam Ward without a rebound.
18:54 of 1st period - Patrice Bergeron wins face-off versus Chad Larose in Coyotes zone.
19:17 of 1st period - Milan Lucic is hit by Chad Larose and loses puck.
19:38 of 1st period - Snap shot by Gustav Nyquist.
19:38 of 1st period - Shot Misses the Net.
Goals for this period are 2 for Coyotes vs 0 for Rangers.
Shots for this period are 14 for Coyotes vs 8 for Rangers.

2nd period


0:01 of 2nd period - Patrice Bergeron wins face-off versus Chad Larose in neutral zone.
0:37 of 2nd period - Penalty to Brooks Laich is over, Brooks Laich is back on ice.
0:58 of 2nd period - Ryan Suter is hit by Tyler Ennis and loses puck.
1:11 of 2nd period - Wrist shot by Marek Svatos.
1:11 of 2nd period - Stopped by Frederik Andersen without a rebound.
1:12 of 2nd period - Brad Richards wins face-off versus Sean Couturier in Rangers zone.
2:06 of 2nd period - Wrist shot by Matt Read.
2:06 of 2nd period - Stopped by Cam Ward with a rebound.
2:12 of 2nd period - Snap shot by Alex Tanguay.
2:12 of 2nd period - Stopped by Cam Ward without a rebound.
2:13 of 2nd period - Brad Richards wins face-off versus Patrice Bergeron in Coyotes zone.
3:03 of 2nd period - Alex Tanguay is hit by Brooks Laich and loses puck.
3:12 of 2nd period - Slapshot by Michael Del Zotto.
3:12 of 2nd period - Shot Misses the Net.
3:32 of 2nd period - Snap shot by Magnus Paajarvi-Svensson.
3:32 of 2nd period - Shot Misses the Net.
3:34 of 2nd period - Snap shot by Artem Anisimov.
3:34 of 2nd period - Stopped by Cam Ward with a rebound.
3:46 of 2nd period - Slapshot by Kristopher Letang.
3:46 of 2nd period - Deflect By Brad Richards.
3:46 of 2nd period - Shot Misses the Net.
3:46 of 2nd period - Puck is out of play.
3:47 of 2nd period - Jakob Silfverberg wins face-off versus Zach Parise in Rangers zone.
3:56 of 2nd period - Snap shot by Milan Lucic.
3:56 of 2nd period - Stopped by Cam Ward without a rebound.
3:57 of 2nd period - Brad Richards wins face-off versus Patrice Bergeron in Coyotes zone.
3:57 of 2nd period - Brad Richards is hit by Mark Fistric.
4:10 of 2nd period - Wrist shot by Jakob Silfverberg.
4:10 of 2nd period - Deflect By Milan Lucic.
4:10 of 2nd period - Stopped by Cam Ward without a rebound.
4:11 of 2nd period - Nazem Kadri wins face-off versus Patrice Bergeron in Coyotes zone.
4:16 of 2nd period - Snap shot by Milan Lucic.
4:16 of 2nd period - Shot Misses the Net.
4:18 of 2nd period - Wrist shot by Patrice Bergeron.
4:18 of 2nd period - Stopped by Cam Ward with a rebound.
4:20 of 2nd period - Snap shot by Mark Fistric.
4:20 of 2nd period - Goal by Mark Fistric - Coyotes : 2 - Rangers : 1.
4:21 of 2nd period - Patrice Bergeron wins face-off versus Nazem Kadri in neutral zone.
4:34 of 2nd period - Slapshot by Anton Stralman.
4:34 of 2nd period - Shot Misses the Net.
4:36 of 2nd period - Snap shot by Marian Gaborik.
4:36 of 2nd period - Shot Blocked by Matt Greene.
4:56 of 2nd period - Slapshot by Matt Greene.
4:56 of 2nd period - Stopped by Cam Ward without a rebound.
4:57 of 2nd period - Brad Richards wins face-off versus Gustav Nyquist in Coyotes zone.
5:19 of 2nd period - Icing by Cam Barker.
5:20 of 2nd period - Nazem Kadri wins face-off versus Patrice Bergeron in Rangers zone.
5:25 of 2nd period - Snap shot by Marian Gaborik.
5:25 of 2nd period - Goal by Marian Gaborik - Coyotes : 3 - Rangers : 1.
5:26 of 2nd period - Nazem Kadri wins face-off versus Milan Lucic in neutral zone.
5:53 of 2nd period - Sean Couturier is hit by Zach Parise and loses puck.
7:00 of 2nd period - Nazem Kadri is hit by Jakob Silfverberg and loses puck.
7:23 of 2nd period - Snap shot by Magnus Paajarvi-Svensson.
7:23 of 2nd period - Stopped by Cam Ward without a rebound.
7:24 of 2nd period - Brad Richards wins face-off versus Artem Anisimov in Coyotes zone.
7:38 of 2nd period - Slapshot by Matt Greene.
7:38 of 2nd period - Stopped by Cam Ward with a rebound.
7:40 of 2nd period - Slapshot by Ryan Suter.
7:40 of 2nd period - Deflect By Artem Anisimov.
7:40 of 2nd period - Stopped by Cam Ward with a rebound.
7:42 of 2nd period - Slapshot by Ryan Suter.
7:42 of 2nd period - Shot Misses the Net.
7:44 of 2nd period - Snap shot by Ryan Suter.
7:44 of 2nd period - Shot Misses the Net.
7:46 of 2nd period - Slapshot by Ryan Suter.
7:46 of 2nd period - Stopped by Cam Ward with a rebound.
7:48 of 2nd period - Slapshot by Colten Teubert.
7:48 of 2nd period - Shot Blocked by Marek Svatos.
7:50 of 2nd period - Wrist shot by Artem Anisimov.
7:50 of 2nd period - Shot Misses the Net.
7:52 of 2nd period - Slapshot by Alexei Emelin.
7:52 of 2nd period - Deflect By Chris Bourque.
7:52 of 2nd period - Stopped by Cam Ward with a rebound.
7:54 of 2nd period - Snap shot by Magnus Paajarvi-Svensson.
7:54 of 2nd period - Shot Misses the Net.
8:17 of 2nd period - Wrist shot by Chris Bourque.
8:17 of 2nd period - Shot Blocked by Josh Gorges.
8:19 of 2nd period - Wrist shot by Artem Anisimov.
8:19 of 2nd period - Goal by Artem Anisimov - Coyotes : 3 - Rangers : 2.
8:20 of 2nd period - Nazem Kadri wins face-off versus Patrice Bergeron in neutral zone.
8:47 of 2nd period - Sean Couturier is hit by Brooks Laich and loses puck.
9:08 of 2nd period - Colten Teubert is hit by Chad Larose and loses puck.
9:50 of 2nd period - Snap shot by Milan Lucic.
9:50 of 2nd period - Stopped by Cam Ward with a rebound.
9:52 of 2nd period - Slapshot by Patrice Bergeron.
9:52 of 2nd period - Stopped by Cam Ward without a rebound.
9:53 of 2nd period - Nazem Kadri wins face-off versus Patrice Bergeron in Coyotes zone.
10:37 of 2nd period - Snap shot by Milan Lucic.
10:37 of 2nd period - Stopped by Cam Ward without a rebound.
10:38 of 2nd period - Sean Couturier wins face-off versus Brad Richards in Coyotes zone.
10:43 of 2nd period - Snap shot by James Neal.
10:43 of 2nd period - Goal by James Neal - Coyotes : 3 - Rangers : 3.
10:44 of 2nd period - Milan Lucic wins face-off versus Brad Richards in neutral zone.
10:54 of 2nd period - Minor Penalty to Zach Parise for Hooking.
10:55 of 2nd period - Patrice Bergeron wins face-off versus Chad Larose in Coyotes zone.
12:24 of 2nd period - Greg Zanon is hit by James Neal and loses puck.
12:54 of 2nd period - Penalty to Zach Parise is over, Zach Parise is back on ice.
13:25 of 2nd period - Stephen Weiss is hit by Kristopher Letang and loses puck.
13:55 of 2nd period - Nazem Kadri is hit by Cam Barker and loses puck.
14:42 of 2nd period - Wrist shot by Valtteri Filppula.
14:42 of 2nd period - Stopped by Frederik Andersen without a rebound.
14:43 of 2nd period - Valtteri Filppula wins face-off versus Artem Anisimov in Rangers zone.
14:50 of 2nd period - Slapshot by Ryan Suter.
14:50 of 2nd period - Stopped by Cam Ward without a rebound.
14:51 of 2nd period - Brad Richards wins face-off versus Patrice Bergeron in Coyotes zone.
15:16 of 2nd period - Wrist shot by James Neal.
15:16 of 2nd period - Shot Misses the Net.
15:18 of 2nd period - Slapshot by James Neal.
15:18 of 2nd period - Stopped by Cam Ward with a rebound.
15:20 of 2nd period - Wrist shot by Sean Couturier.
15:20 of 2nd period - Shot Blocked by Thomas Hickey.
15:22 of 2nd period - Wrist shot by Gustav Nyquist.
15:22 of 2nd period - Shot Misses the Net.
16:20 of 2nd period - Wrist shot by Zach Parise.
16:20 of 2nd period - Goal by Zach Parise - Coyotes : 4 - Rangers : 3.
16:21 of 2nd period - Nazem Kadri wins face-off versus Patrice Bergeron in neutral zone.
16:24 of 2nd period - Slapshot by Anton Stralman.
16:24 of 2nd period - Stopped by Frederik Andersen without a rebound.
16:25 of 2nd period - Nazem Kadri wins face-off versus Patrice Bergeron in Rangers zone.
16:54 of 2nd period - Icing by Kristopher Letang.
16:55 of 2nd period - Sean Couturier wins face-off versus Brad Richards in Coyotes zone.
17:04 of 2nd period - Snap shot by Brad Richards.
17:04 of 2nd period - Shot Misses the Net.
17:06 of 2nd period - Slapshot by Anton Stralman.
17:06 of 2nd period - Deflect By James Neal.
17:06 of 2nd period - Stopped by Frederik Andersen with a rebound.
17:08 of 2nd period - Wrist shot by Kristopher Letang.
17:08 of 2nd period - Shot Blocked by Sean Couturier.
17:18 of 2nd period - Gustav Nyquist is hit by Marek Svatos and loses puck.
17:55 of 2nd period - Wrist shot by Zach Parise.
17:55 of 2nd period - Shot Misses the Net.
18:30 of 2nd period - Minor Penalty to James Neal for Holding.
18:31 of 2nd period - Milan Lucic wins face-off versus Tyler Ennis in Rangers zone.
18:42 of 2nd period - Off-side.
18:43 of 2nd period - Chris Stewart wins face-off versus Jakob Silfverberg in neutral zone.
19:16 of 2nd period - Mark Fistric is hit by Chad Larose and loses puck.
19:27 of 2nd period - Alex Tanguay is hit by Anton Stralman and loses puck.
Goals for this period are 2 for Coyotes vs 3 for Rangers.
Shots for this period are 6 for Coyotes vs 20 for Rangers.

3rd period


0:01 of 3rd period - Milan Lucic wins face-off versus Brad Richards in neutral zone.
0:12 of 3rd period - Wrist shot by Jakob Silfverberg.
0:12 of 3rd period - Deflect By Milan Lucic.
0:12 of 3rd period - Shot Misses the Net.
0:12 of 3rd period - Puck is out of play.
0:13 of 3rd period - Brad Richards wins face-off versus Milan Lucic in Coyotes zone.
0:30 of 3rd period - Penalty to James Neal is over, James Neal is back on ice.
0:43 of 3rd period - Icing by Chris Stewart.
0:44 of 3rd period - Stephen Weiss wins face-off versus Brooks Laich in Coyotes zone.
0:45 of 3rd period - Snap shot by Alex Tanguay.
0:45 of 3rd period - Stopped by Cam Ward with a rebound.
0:54 of 3rd period - Off-side.
0:55 of 3rd period - Nazem Kadri wins face-off versus Patrice Bergeron in neutral zone.
1:09 of 3rd period - Nazem Kadri is hit by Jakob Silfverberg and loses puck.
1:22 of 3rd period - James Neal is hit by Brad Richards and loses puck.
1:51 of 3rd period - Cam Barker is hit by Brooks Laich and loses puck.
1:57 of 3rd period - Off-side.
1:58 of 3rd period - Nazem Kadri wins face-off versus Patrice Bergeron in neutral zone.
2:25 of 3rd period - Marek Svatos is hit by James Neal and loses puck.
2:53 of 3rd period - Slapshot by Anton Stralman.
2:53 of 3rd period - Shot Blocked by Stephen Weiss.
2:55 of 3rd period - Snap shot by Ryane Clowe.
2:55 of 3rd period - Shot Misses the Net.
3:13 of 3rd period - Chris Bourque is hit by Anton Stralman and loses puck.
3:28 of 3rd period - Slapshot by Tyler Ennis.
3:28 of 3rd period - Stopped by Frederik Andersen without a rebound.
3:29 of 3rd period - Patrice Bergeron wins face-off versus Nazem Kadri in Rangers zone.
3:29 of 3rd period - Patrice Bergeron is hit by Nazem Kadri.
3:39 of 3rd period - Wrist shot by Patrice Bergeron.
3:39 of 3rd period - Goal by Patrice Bergeron - Coyotes : 4 - Rangers : 4.
3:40 of 3rd period - Jakob Silfverberg wins face-off versus Nazem Kadri in neutral zone.
3:58 of 3rd period - Icing by Nazem Kadri.
3:59 of 3rd period - Nazem Kadri wins face-off versus Sean Couturier in Coyotes zone.
3:59 of 3rd period - Nazem Kadri is hit by Sean Couturier.
4:25 of 3rd period - Slapshot by Marian Gaborik.
4:25 of 3rd period - Deflect By Patrice Bergeron.
4:25 of 3rd period - Stopped by Frederik Andersen with a rebound.
4:27 of 3rd period - Wrist shot by Tyler Ennis.
4:27 of 3rd period - Shot Misses the Net.
4:29 of 3rd period - Slapshot by Kristopher Letang.
4:29 of 3rd period - Shot Hit the Post.
4:31 of 3rd period - Snap shot by Tyler Ennis.
4:31 of 3rd period - Shot Misses the Net.
4:33 of 3rd period - Slapshot by Kristopher Letang.
4:33 of 3rd period - Stopped by Frederik Andersen with a rebound.
4:35 of 3rd period - Wrist shot by Tyler Ennis.
4:35 of 3rd period - Deflect By Milan Lucic.
4:35 of 3rd period - Shot Blocked by Cam Barker.
4:35 of 3rd period - Puck is out of play.
4:36 of 3rd period - Stephen Weiss wins face-off versus Brad Richards in Rangers zone.
5:19 of 3rd period - Minor Penalty to Colten Teubert for Hooking.
5:20 of 3rd period - Brad Richards wins face-off versus Milan Lucic in Rangers zone.
6:05 of 3rd period - Icing by Marek Svatos.
6:06 of 3rd period - Nazem Kadri wins face-off versus Alex Tanguay in Coyotes zone.
7:19 of 3rd period - Penalty to Colten Teubert is over, Colten Teubert is back on ice.
7:34 of 3rd period - Wrist shot by Chad Larose.
7:34 of 3rd period - Shot Blocked by Matt Read.
8:23 of 3rd period - Cam Barker is hit by Marek Svatos and loses puck.
8:48 of 3rd period - Cam Barker is hit by Tyler Ennis and loses puck.
9:22 of 3rd period - Ryane Clowe is hit by Milan Lucic and loses puck.
10:08 of 3rd period - Slapshot by Michael Del Zotto.
10:08 of 3rd period - Stopped by Frederik Andersen with a rebound.
10:10 of 3rd period - Slapshot by Greg Zanon.
10:10 of 3rd period - Deflect By Brooks Laich.
10:10 of 3rd period - Shot Misses the Net.
10:10 of 3rd period - Puck is out of play.
10:11 of 3rd period - Artem Anisimov wins face-off versus Brooks Laich in Rangers zone.
10:38 of 3rd period - Matt Greene is hit by Zach Parise.
11:13 of 3rd period - Snap shot by Tyler Ennis.
11:13 of 3rd period - Stopped by Frederik Andersen with a rebound.
11:25 of 3rd period - Snap shot by James Neal.
11:25 of 3rd period - Shot Blocked by Thomas Hickey.
11:46 of 3rd period - Minor Penalty to Greg Zanon for Elbowing.
11:47 of 3rd period - Patrice Bergeron wins face-off versus Chad Larose in Coyotes zone.
11:58 of 3rd period - Wrist shot by Milan Lucic.
11:58 of 3rd period - Shot Blocked by Chad Larose.
12:00 of 3rd period - Snap shot by Patrice Bergeron.
12:00 of 3rd period - Shot Misses the Net.
12:02 of 3rd period - Slapshot by Sean Couturier.
12:02 of 3rd period - Stopped by Cam Ward without a rebound.
12:03 of 3rd period - Chad Larose wins face-off versus Patrice Bergeron in Coyotes zone.
13:11 of 3rd period - Martin Samuelsson is hit by Patrice Bergeron and loses puck.
13:26 of 3rd period - Anton Stralman is hit by Gustav Nyquist and loses puck.
13:46 of 3rd period - Penalty to Greg Zanon is over, Greg Zanon is back on ice.
13:57 of 3rd period - Marian Gaborik is hit by Artem Anisimov and loses puck.
14:07 of 3rd period - Icing by Ryan Suter.
14:08 of 3rd period - Artem Anisimov wins face-off versus Brad Richards in Rangers zone.
14:19 of 3rd period - Slapshot by Marek Svatos.
14:19 of 3rd period - Deflect By Zach Parise.
14:19 of 3rd period - Shot Blocked by Alex Tanguay.
14:19 of 3rd period - Puck is out of play.
14:20 of 3rd period - Nazem Kadri wins face-off versus Patrice Bergeron in Rangers zone.
14:21 of 3rd period - Snap shot by Tyler Ennis.
14:21 of 3rd period - Shot Blocked by Cam Barker.
14:23 of 3rd period - Slapshot by Anton Stralman.
14:23 of 3rd period - Deflect By Jakob Silfverberg.
14:23 of 3rd period - Stopped by Frederik Andersen without a rebound.
14:24 of 3rd period - Jakob Silfverberg wins face-off versus Nazem Kadri in Rangers zone.
14:31 of 3rd period - Wrist shot by Tyler Ennis.
14:31 of 3rd period - Shot Misses the Net.
14:33 of 3rd period - Snap shot by Nazem Kadri.
14:33 of 3rd period - Stopped by Frederik Andersen without a rebound.
14:34 of 3rd period - Patrice Bergeron wins face-off versus Nazem Kadri in Rangers zone.
14:39 of 3rd period - Snap shot by Milan Lucic.
14:39 of 3rd period - Stopped by Cam Ward with a rebound.
15:01 of 3rd period - Snap shot by Sean Couturier.
15:01 of 3rd period - Shot Misses the Net.
15:03 of 3rd period - Wrist shot by Gustav Nyquist.
15:03 of 3rd period - Shot Blocked by Anton Stralman.
15:05 of 3rd period - Slapshot by Matt Greene.
15:05 of 3rd period - Stopped by Cam Ward with a rebound.
15:07 of 3rd period - Snap shot by Sean Couturier.
15:07 of 3rd period - Shot Misses the Net.
15:09 of 3rd period - Snap shot by Gustav Nyquist.
15:09 of 3rd period - Stopped by Cam Ward without a rebound.
15:10 of 3rd period - Valtteri Filppula wins face-off versus Stephen Weiss in Coyotes zone.
15:19 of 3rd period - Wrist shot by Valtteri Filppula.
15:19 of 3rd period - Stopped by Frederik Andersen with a rebound.
15:21 of 3rd period - Snap shot by Ryane Clowe.
15:21 of 3rd period - Shot Misses the Net.
15:23 of 3rd period - Wrist shot by Valtteri Filppula.
15:23 of 3rd period - Stopped by Frederik Andersen with a rebound.
15:25 of 3rd period - Wrist shot by Valtteri Filppula.
15:25 of 3rd period - Goal by Valtteri Filppula - Coyotes : 5 - Rangers : 4.
15:26 of 3rd period - Valtteri Filppula wins face-off versus Stephen Weiss in neutral zone.
15:48 of 3rd period - Minor Penalty to Valtteri Filppula for Boarding.
15:49 of 3rd period - Chad Larose wins face-off versus Patrice Bergeron in Coyotes zone.
15:49 of 3rd period - Chad Larose is hit by Milan Lucic.
16:08 of 3rd period - Minor Penalty to Matt Read for Boarding.
16:09 of 3rd period - Marian Gaborik wins face-off versus Milan Lucic in Rangers zone.
16:11 of 3rd period - Wrist shot by Marian Gaborik.
16:11 of 3rd period - Stopped by Frederik Andersen with a rebound.
16:13 of 3rd period - Slapshot by Marian Gaborik.
16:13 of 3rd period - Shot Misses the Net.
16:15 of 3rd period - Wrist shot by Marian Gaborik.
16:15 of 3rd period - Stopped by Frederik Andersen with a rebound.
16:17 of 3rd period - Slapshot by Anton Stralman.
16:17 of 3rd period - Deflect By Alex Tanguay.
16:17 of 3rd period - Stopped by Frederik Andersen with a rebound.
16:19 of 3rd period - Snap shot by Anton Stralman.
16:19 of 3rd period - Shot Blocked by Milan Lucic.
16:21 of 3rd period - Slapshot by Marian Gaborik.
16:21 of 3rd period - Shot Misses the Net.
16:23 of 3rd period - Slapshot by Brad Richards.
16:23 of 3rd period - Deflect By Milan Lucic.
16:23 of 3rd period - Shot Misses the Net.
16:23 of 3rd period - Puck is out of play.
16:24 of 3rd period - Milan Lucic wins face-off versus Marian Gaborik in Rangers zone.
17:29 of 3rd period - Gustav Nyquist is hit by Greg Zanon and loses puck.
17:34 of 3rd period - Snap shot by Zach Parise.
17:34 of 3rd period - Shot Misses the Net.
17:36 of 3rd period - Slapshot by Josh Gorges.
17:36 of 3rd period - Stopped by Frederik Andersen without a rebound.
17:37 of 3rd period - Marian Gaborik wins face-off versus Milan Lucic in Rangers zone.
17:48 of 3rd period - Penalty to Valtteri Filppula is over, Valtteri Filppula is back on ice.
17:52 of 3rd period - Mark Fistric is hit by Nazem Kadri and loses puck.
17:59 of 3rd period - Marek Svatos is hit by Cam Barker.
18:08 of 3rd period - Penalty to Matt Read is over, Matt Read is back on ice.
18:57 of 3rd period - Matt Greene is hit by Thomas Hickey and loses puck.
19:10 of 3rd period - Rangers, Frederik Andersen is pulled from the net.
19:10 of 3rd period - Snap shot by Patrice Bergeron.
19:10 of 3rd period - Shot Blocked by Josh Gorges.
19:40 of 3rd period - Wrist shot by Chad Larose.
19:40 of 3rd period - Deflect By Martin Samuelsson.
19:40 of 3rd period - Shot Misses the Net.
19:40 of 3rd period - Puck is out of play.
19:41 of 3rd period - Michel Therrien call a timeout for Rangers.
19:41 of 3rd period - Frederik Andersen from Rangers was sent back in the game.
19:41 of 3rd period - Patrice Bergeron wins face-off versus Brad Richards in Rangers zone.
19:41 of 3rd period - Patrice Bergeron is hit by Brad Richards.
19:51 of 3rd period - Snap shot by Brad Richards.
19:51 of 3rd period - Shot Misses the Net.
19:53 of 3rd period - Snap shot by Martin Samuelsson.
19:53 of 3rd period - Goal by Martin Samuelsson - Coyotes : 6 - Rangers : 4.
19:54 of 3rd period - Brad Richards wins face-off versus Matt Read in neutral zone.
19:59 of 3rd period - Wrist shot by Zach Parise.
19:59 of 3rd period - Stopped by Frederik Andersen with a rebound.
Goals for this period are 2 for Coyotes vs 1 for Rangers.
Shots for this period are 16 for Coyotes vs 6 for Rangers.